 Dungeon Crawl Stone Soup version 0.28.0 (webtiles) character file.

Game seed: 13610413889094576717

62 AmazingTV the Sneak (level 3, -1/18 HPs)
             Began as a Spriggan Brigand on June 28, 2022.
             Slain by Robin (3 damage)
             ... on level 2 of the Dungeon.
             The game lasted 00:03:41 (1913 turns).

AmazingTV the Sneak (Spriggan Brigand)              Turns: 1913, Time: 00:03:41

Health: -1/18      AC:  3    Str:  7    XL:     3   Next: 85%
Magic:  4/4        EV: 17    Int: 12    God:
Gold:   28         SH:  0    Dex: 18    Spells: 2/2 levels left

rFire   . . .      SeeInvis +   a - +2 dagger
rCold   . . .      Faith    .   (no shield)
rNeg    . . .      Spirit   .   b - +0 robe
rPois   .          Reflect  .   (helmet restricted)
rElec   .          Harm     .   c - +0 cloak
rCorr   .          Rampage  .   (gloves unavailable)
Will    .....                   (boots unavailable)
Stlth   ++++......              (no amulet)
HPRegen 0.06/turn               (no ring)
MPRegen 0.09/turn               (no ring)

@: very quick
A: very small, no large weapons, unfitting armour, see invisible, speed 3
a: no special abilities


You were on level 2 of the Dungeon.
You visited 1 branch of the dungeon, and saw 2 of its levels.

You collected 28 gold pieces.

Inventory:

Hand Weapons
 a - a +2 dagger (weapon)
Missiles
 d - 8 poisoned darts (quivered)
 e - 2 curare-tipped darts
 g - 12 arrows
 h - 46 stones
 m - 51 bolts
Armour
 b - a +0 robe (worn)
 c - a +0 cloak (worn)
Scrolls
 i - 2 scrolls of identify {unknown}
 j - a scroll of acquirement {unknown}
 k - a scroll of teleportation {unknown}
Potions
 f - a potion of flight {unknown}
 l - 2 potions of magic {unknown}


   Skills:
 + Level 1.9 Fighting
 + Level 2.8 Short Blades
 + Level 1.4(2.3) Slings
 + Level 2.3(2.5) Throwing
 + Level 2.2 Dodging
 + Level 6.4 Stealth


You had 2 spell levels left.
You didn't know any spells.
Your spell library contained the following spells:

 Spells                   Type           Power      Damage    Failure   Level
 Magic Dart               Conj           0%         1d3       32%         1
 Call Imp                 Summ           0%         N/A       45%         2
 Mephitic Cloud           Conj/Pois/Air  0%         N/A       69%         3


Dungeon Overview and Level Annotations

Branches:
Dungeon (2/15)

Altars:

Annotations:
D:2 Robin


Innate Abilities, Weirdness & Mutations

You are very small and have problems with some larger weapons.
You are too small for most types of armour.
You have supernaturally acute eyesight. (SInv)
You cover ground extremely quickly. (Speed+++)


Message History

m - 29 bolts
Found 22 bolts.
You hit the rat.
You kill the rat!
m - 51 bolts (gained 22)
Found a dagger.
You see here a +0 dagger.
A goblin comes into view. It is wielding a +0 club.
A goblin comes into view. It is wielding a +0 club.
A goblin comes into view. It is wielding a +0 club.
A goblin comes into view. It is wielding a +0 dagger.
Robin hits you with a +1 vorpal mace.
The goblin shouts! x5
You hit Robin.
Robin is lightly wounded.
You hear a shout! x2
You barely miss Robin.
Robin is lightly wounded.
Robin throws the goblin at you! The goblin closely misses you.
Robin throws the goblin at you!
You closely miss the goblin. The goblin hits you with a +0 club.
The goblin barely misses you. Robin throws the goblin at you!
The goblin misses you.
You hit the goblin.
You kill the goblin!
The goblin barely misses you. The goblin misses you.
Robin throws the goblin at you!
You hit the goblin.
The goblin is heavily wounded.
The goblin misses you. The goblin closely misses you.
The goblin hits you with a +0 club.
* * * LOW HITPOINT WARNING * * *
You barely miss the goblin.
The goblin is heavily wounded.
Robin zaps a wand.
The puff of flame misses you. The goblin hits you but does no damage.
The goblin hits you with a +0 club.
* * * LOW HITPOINT WARNING * * *
The goblin closely misses you. Robin hits you with a +1 vorpal mace.
You die...

.....................
......#.....#)#.#####
......#.g.gg#.......#
..$...#)....###)###'##
....g.)..g..###......#
.##..######.#...g....#
#.. #.#.#gg.g..# #.
#.#.#.#g#.###### #
#.#.#g@)........ #.##
##.#)#.#g.####### #...
.#.#.#.....g.....
#...#.#.#.#....#####..
#...#.#.#.#.#..####
...#.#.#.#.......#
#.#.....#....##.#
#..##.###.....#.#
#.....# #.....#.#


You could see Robin, a hobgoblin and 4 goblins.

Vanquished Creatures
  2 adders (D:2)
  2 worms (D:2)
  4 ball pythons
  3 endoplasms
  A giant cockroach (D:1)
  9 goblins
  2 hobgoblins (D:1)
  3 jackals (D:1)
  2 bats
  A frilled lizard (D:1)
  A kobold (D:1)
  6 rats
36 creatures vanquished.

Notes
Turn   | Place    | Note
-------+----------+-------------------------------------------
     0 | D:1      | AmazingTV the Spriggan Brigand began the quest for the Orb.
     0 | D:1      | Reached XP level 1. HP: 10/10 MP: 2/2
   663 | D:1      | Reached skill level 6 in Stealth
   663 | D:1      | Reached XP level 2. HP: 11/15 MP: 3/3
   888 | D:1      | Found a faded altar of an unknown god.
  1368 | D:2      | Reached skill level 1 in Slings
  1377 | D:2      | Reached XP level 3. HP: 11/18 MP: 4/4
  1505 | D:2      | Noticed Robin
  1913 | D:2      | Slain by Robin

Illustrated notes

Levels and vault maps discovered:
D:1:      erik_arrival_triangle_large, layout_basic,
          hellmonk_ecumenical_altar_inner_sanctum, minivault_19
D:2:      layout_basic, uniq_robin

Skill      XL: |  1  2  3 |
---------------+----------+-----
Stealth        | 6 |  6.4
Slings         | 1 |  1.4
Dodging        | 2 |  2.2
Fighting       | |  1.9
Short Blades   | |  2.8
Throwing       | |  2.3

Action                   || total
-------------------------++-------
Melee: Dagger            ||   119
       Punch             ||     4
 Stab: Sleeping          ||    12
Armor: Robe              ||    15
Dodge: Dodged            ||    78
